 Dungeon Crawl Stone Soup version 0.31.0-11-ge490571c62 (webtiles) character file.

Game seed: 8855917348332074736

7 ChrisAssaf the Apothecary (level 2, -6/21 HPs)
             Began as a Djinni Alchemist on Jan 30, 2024.
             Mangled by a kobold
             ... wielding a +4 whip of electrocution
              (16 damage)
             ... on level 1 of the Dungeon.
             The game lasted 00:00:51 (144 turns).

ChrisAssaf the Apothecary (Djinni Alchemist)         Turns: 144, Time: 00:00:51

Health: -6/21      AC:  2    Str:  7    XL:     2   Next: 10%
Gold:   20         EV: 12    Int: 16    God:
                   SH:  0    Dex: 13

rFire   + + .        b - +0 dagger (venom)
rCold   x . .        (no shield)
rNeg    . . .        a - +0 robe
rPois   ∞            (no helmet)
rElec   .            (no cloak)
rCorr   .            (no gloves)
SInv    .            (boots unavailable)
Will    .....        (no amulet)
Stlth   ++           (no ring)
HPRegen 0.23/turn    (no ring)
MPRegen 0.00/turn

%: infuse magic (-7 HP)
@: flying
A: sickness immunity, fire resistance 2, cold vulnerability 1, float, innate
caster, HP casting, extra vitality 1
a: no special abilities


You were on level 1 of the Dungeon.
You visited 1 branch of the dungeon, and saw 1 of its levels.

You collected 20 gold pieces.

Inventory:

Hand Weapons
 b - a +0 dagger of venom (weapon)
Armour
 a - a +0 robe (worn)
Scrolls
 c - a scroll of butterflies {unknown}


   Skills:
 * Level 0.1 Fighting
 * Level 0.1 Short Blades
 * Level 0.1 Armour
 * Level 2.3 Dodging
 * Level 1.7 Stealth
 * Level 3.1 Spellcasting
 * Level 3.1 Conjurations
 * Level 3.1 Hexes
 * Level 3.1 Summonings
 * Level 3.1 Necromancy
 * Level 3.1 Translocations
 * Level 3.1 Fire Magic
 * Level 3.1 Ice Magic
 * Level 3.1 Air Magic
 * Level 3.1 Earth Magic
 * Level 3.1 Alchemy


You knew the following spells:

 Your Spells              Type           Power      Damage    Failure   Level
a - Sting                 Conj/Alch      48%        1d6       5%          1
b - Mercury Vapours       Alch/Air       24%        N/A       8%          2
c - Mephitic Cloud        Conj/Alch/Air  12%        N/A       16%         3
d - Olgreb's Toxic Radia  Alch           12%        N/A       45%         4
e - Sticky Flame          Fire/Alch      12%        2d5       45%         4
Your spell library was empty.

Dungeon Overview and Level Annotations

Branches:
Dungeon (1/15)

Altars:


Innate Abilities, Weirdness & Mutations

You are immune to sickness and miasma.
You are immune to poison.
Your flesh is very heat resistant. (rF++)
You are vulnerable to cold. (rC-)
You float through the air rather than walking.
You learn spells naturally, not from books.
Your magical power is your life essence.
You have superior vitality. (+4 MHP)


Message History

The endoplasm freezes you.
You are frozen.
You feel a terrible chill!
You kill the endoplasm!
HP restored.
A bat comes into view.
Aiming: Sting (safe; 5% risk of failure)
Press: ? - help, Q - select action, (/) - cycle Shift-Dir - straight line, f - bat
Aim: a bat (57% to hit)
The sting misses the bat.
You hit the bat but do no damage.
The bat is poisoned.
The bat hits you but does no damage. The bat attacks as it pursues you!
The bat closely misses you. The bat hits you. The bat barely misses you.
You kill the bat!
You have reached level 2!
You see here a bat corpse.
A giant cockroach comes into view.
A hobgoblin comes into view.
The hobgoblin shouts!
You hear a shout!
An endoplasm comes into view.
A kobold comes into view.
It is wielding a +4 whip of electrocution.
Aiming: Mercury Vapours (safe; 8% risk of failure)
Press: ? - help, Q - select action, (/) - cycle Dir - move target, f - giant cockroach
Aim: a giant cockroach (chance to weaken: 100%) Fumes of mercury billow around the giant cockroach!
The giant cockroach is poisoned.
The giant cockroach looks weaker.
A ball python comes into view.
You kill the giant cockroach!
Aiming: Mercury Vapours (safe; 8% risk of failure)
Press: ? - help, Q - select action, (/) - cycle Dir - move target, f - hobgoblin
Aim: a hobgoblin (chance to weaken: 100%) Fumes of mercury billow around the hobgoblin!
The hobgoblin is poisoned.
The hobgoblin looks weaker.
The ball python looks weaker.
The kobold hits you with a +4 whip of electrocution!
You are electrocuted!
Ouch! That really hurt!
You die...

### ..# ..# ..# #.#
..# #.# ..# #.# ..#
#####.##..#
###.........#
#######......@Kg..#
#.....#.#..#####SJ..#
#.#.....#..# .####
####.#....†...# B#
.........###.## .#
####.....# #.# g# #
##...## #.. .. #
#...# #..# J# ##
#...# #..#


You could see an endoplasm (wandering), a hobgoblin (very poisoned, weak), a
ball python (weak) and a kobold.

Vanquished Creatures
  An endoplasm (D:1)
  A giant cockroach (D:1)
  A goblin (D:1)
  A bat (D:1)
  4 rats (D:1)
8 creatures vanquished.

Notes
Turn   | Place    | Note
-------+----------+-------------------------------------------
     0 | D:1      | ChrisAssaf the Djinni Alchemist began the quest for the
                  | Orb.
     0 | D:1      | ChrisAssaf set off with the following spells memorised:
                  | Sting, Mercury Vapours, Mephitic Cloud, Olgreb's Toxic
                  | Radiance, Sticky Flame.
     0 | D:1      | Reached XP level 1. HP: 15/15 MP: 0/0
   125 | D:1      | Reached XP level 2. HP: 20/21 MP: 0/0
   144 | D:1      | Mangled by a kobold

Illustrated notes

Levels and vault maps discovered:
D:1:      elethiomel_arrival_diamonds, layout_loops_ring

Action                     || total
---------------------------++-------
  Melee: Dagger            ||     2
   Cast: Sting             ||     7
         Mercury Vapours   ||     2
 Armour: Robe              ||     3
  Dodge: Dodged            ||     2
